 Dungeon Crawl Stone Soup version 0.28.0-53-g5a82cb258f (webtiles) character file.

Game seed: 13647872255425209723

15 Tef the Sneak (level 2, -1/13 HPs)
             Began as a Vine Stalker Enchanter on July 28, 2022.
             Slain by a kobold
             ... wielding a +0 whip
              (3 damage)
             ... on level 1 of the Dungeon on July 29, 2022.
             The game lasted 00:04:07 (558 turns).

Tef the Sneak (Vine Stalker Enchanter)               Turns: 558, Time: 00:04:07

Health: -1/13      AC:  2    Str: 10    XL:     2   Next: 50%
Magic:  0/6        EV: 12    Int: 15    God:
Gold:   18         SH:  0    Dex: 14    Spells: 3/5 levels left

rFire   . . .      SeeInvis .   a - +1 dagger
rCold   . . .      Faith    .   (no shield)
rNeg    . . .      Spirit   +   b - +0 robe
rPois   .          Reflect  .   (no helmet)
rElec   .          Harm     .   (no cloak)
rCorr   .          Rampage  .   (no gloves)
Will    .....                   (no boots)
Stlth   ++........              (no amulet)
HPRegen 0.04/turn               (no ring)
MPRegen 0.10/turn               (no ring)

@: no status effects
A: fangs 2, magic shield, antimagic bite, no potion heal 2
a: no special abilities


You were on level 1 of the Dungeon.
You visited 1 branch of the dungeon, and saw 1 of its levels.

You collected 18 gold pieces.

Inventory:

Hand Weapons
 a - a +1 dagger (weapon)
Armour
 b - a +0 robe (worn)
Jewellery
 d - an amulet of the acrobat
Potions
 c - a potion of invisibility


   Skills:
 + Level 1.4 Short Blades
 - Level 1.5 Dodging
 - Level 3.8 Stealth
 - Level 2.2 Spellcasting
 + Level 3.4 Hexes


You had 3 spell levels left.
You knew the following spells:

 Your Spells              Type           Power      Damage    Failure   Level
a - Ensorcelled Hibernat  Hex/Ice        12%        N/A       16%         2

Your spell library contained the following spells:

 Spells                   Type           Power      Damage    Failure   Level
 Confusing Touch          Hex            11%        N/A       16%         3
 Tukima's Dance           Hex            11%        N/A       16%         3
 Dazzling Flash           Conj/Hex       12%        N/A       32%         3


Dungeon Overview and Level Annotations

Branches:
Dungeon (1/15)

Altars:


Innate Abilities, Weirdness & Mutations

You have extremely sharp teeth.
When hurt, damage is shared between your health and your magic reserves.
Your bite disrupts and absorbs the magic of your enemies.
Potions cannot restore your health.


Message History

You miss something. Something hits you.
You miss something. Your bite misses something. Something hits you.
* * * LOW HITPOINT WARNING * * *
There is an open door here.
Something hits you.
It was a potion of curing.
That felt strangely inert.
Something hits you but does no damage.
Okay, then.
You hit something. You punch something. Your bite misses something.
You miss something. You bite something. Something hits you.
* * * LOW HITPOINT WARNING * * *
Found a ring mail.
A kobold appears from thin air!
Reactivating autopickup.
You see here a +0 ring mail.
The kobold drinks a potion.
The kobold flickers and vanishes!
Deactivating autopickup; reactivate with Ctrl-A.
Hit: a) +1 dagger
Press: ? - help, Dir - move target, f - you
Okay, then.
You see here a +0 club.
You see here a quokka skeleton.
There is an open door, spattered with blood here.
You close the door.
You open the door.
There is an open door here.
You close the door.
You open the door.
Something unseen opens the door.
There is an open door here.
Found a leather armour.
You closely miss the ball python. The ball python barely misses you.
The ball python grabs you. The ball python constricts you.
* * * LOW HITPOINT WARNING * * *
The ball python bites you.
* * * LOW HITPOINT WARNING * * *
The ball python constricts you.
You hit the ball python.
You kill the ball python!
Something hits you.
You die...

...#.#†##'######+##.....##
.....#.............##.###
######.............##.#
#................#
##...######'###### ##..#
#.###### #..######'#....#
#.>.)..........#
#........@.....#
#........†.....+
#..............#
#..............#
#..............#
#..............#
[............#
.............#


There were no monsters in sight!

Vanquished Creatures
  2 endoplasms (D:1)
  2 giant cockroaches (D:1)
  A goblin (D:1)
  A kobold (D:1)
  2 quokkas (D:1)
  2 ball pythons (D:1)
  2 bats (D:1)
  3 rats (D:1)
15 creatures vanquished.

Notes
Turn   | Place    | Note
-------+----------+-------------------------------------------
     0 | D:1      | Tef the Vine Stalker Enchanter began the quest for the Orb.
     0 | D:1      | Reached XP level 1. HP: 9/9 MP: 4/4
   172 | D:1      | Reached skill level 1 in Short Blades
   176 | D:1      | Reached XP level 2. HP: 11/13 MP: 6/6
   186 | D:1      | Learned a level 2 spell: Ensorcelled Hibernation
   558 | D:1      | Slain by a kobold

Illustrated notes

Levels and vault maps discovered:
D:1:      dpeg_arrival_snail, layout_basic, lemuel_another_geyser

Skill      XL: |  1 |
---------------+----+-----
Short Blades   | 1 |  1.4
Dodging        | |  1.5
Stealth        | |  3.8
Spellcasting   | |  2.2
Hexes          | |  3.4

Action                   || total
-------------------------++-------
Melee: Dagger            ||    65
       Bite              ||    12
       Punch             ||     3
  Use: Potion            ||     1
 Stab: Sleeping          ||     1
Armor: Robe              ||    18
Dodge: Dodged            ||    37
